 Dungeon Crawl Stone Soup version 0.22-a0-247-gbddf880 (webtiles) character file.

49 MatthieuS the Gusty (level 3, -1/30 HPs)
             Began as a Tengu Air Elementalist on Feb 24, 2018.
             Slain by Robin
             ... wielding a +0 mace
              (2 damage)
             ... on level 2 of the Dungeon.
             The game lasted 00:04:03 (1692 turns).

MatthieuS the Gusty (Tengu Air Elementalist)        Turns: 1692, Time: 00:04:04

Health: -1/30      AC: 21    Str:  8    XL:     3   Next: 77%
Magic:  1/7        EV:  2    Int: 16    God:
Gold:   43         SH:  0    Dex: 14    Spells: 1/7 levels left

rFire    . . .     SeeInvis .   i - +0 dagger
rCold    . . .     Gourm    .   (no shield)
rNeg     + + +     Faith    .   (armour currently unavailable)
rPois    +         Spirit   .   (helmet currently unavailable)
rElec    .         Reflect  .   (cloak currently unavailable)
rCorr    .         Harm     .   (gloves currently unavailable)
MR       .....     NoTele   +   (boots unavailable)
Stlth    ++........             (no amulet)
HPRegen  0.10/turn              (no ring)
MPRegen  0.10/turn              (no ring)

@: tree-form, very slightly contaminated
A: no striking features
a: no special abilities


You were on level 2 of the Dungeon.
You were not hungry.
You were a tree.
You visited 1 branch of the dungeon, and saw 2 of its levels.

You collected 43 gold pieces.

Inventory:

Hand Weapons
 i - a +0 dagger (weapon)
Armour
 a - a +0 robe
 j - a +0 ring mail
 k - a +0 leather armour (melded)
Scrolls
 c - a scroll of immolation {unknown}
 e - a scroll of teleportation {unknown}
 g - 4 scrolls of identify {unknown}
 h - a scroll of fear {unknown}
 l - a scroll of amnesia {unknown}
 m - a scroll of blinking {unknown}
Potions
 d - a potion of lignification
 f - a potion of heal wounds {unknown}
 o - a potion of magic {unknown}
Comestibles
 b - 6 rations
 n - a chunk of flesh


   Skills:
 + Level 0.7 Fighting
 + Level 2.4 Dodging
 - Level 2.0 Stealth
 * Level 2.5 Spellcasting
 * Level 2.6 Conjurations
 * Level 4.6 Air Magic


You had one spell level left.
You knew the following spells:

 Your Spells              Type           Power        Failure   Level  Hunger
a - Shock                 Conj/Air       ##..         4%          1    #......
b - Swiftness             Chrm/Air       #.......     12%         2    ##.....
c - Static Discharge      Conj/Air       ##......     13%         3    ###....


Dungeon Overview and Level Annotations

Branches:
Dungeon (2/15)

Altars:

Annotations:
D:2 Robin


Innate Abilities, Weirdness & Mutations

((You have a beak for a mouth.))
((You have claws for feet.))


Message History

You miscast Shock.
You are very lightly contaminated with residual magic.
Nothing appears to happen.
Something hits you.
Casting: Shock (safe; 6% risk of failure)
Confirm with . or Enter, or press ? or * to list all spells.
Aiming: Shock (safe; 6% risk of failure)
Press: ? - help, Shift-Dir - straight line, f - hobgoblin
Aim: a hobgoblin (unusually strong)
The zap hits something.
The zap hits the goblin.
You kill the goblin!
The zap hits the goblin.
You kill the goblin!
The zap misses the goblin.
The zap hits the hobgoblin.
The hobgoblin is severely wounded.
Something hits you.
* * * LOW HITPOINT WARNING * * *
It was a potion of lignification.
You turn into a tree.
Your +0 leather armour melds into your body.
Your roots penetrate the ground.
Something hits you.
You die...

... #.. #........## ### #.#
##.#...##.# #.#
#.........#########
#.#########...............
#............###.#.######.
#.###.######g# #.#........ #.#
#.# #)# #.#########
########.###.######g###.#########
................♣{...............
###################.#############
###


You could see a goblin.

Vanquished Creatures
  An adder (D:2)
  2 leopard geckos
  4 bats (D:1)
  2 giant cockroaches (D:1)
  13 goblins
  6 hobgoblins
  2 kobolds
  2 frilled lizards
  A rat (D:2)
33 creatures vanquished.

Notes
Turn   | Place    | Note
-------+----------+-------------------------------------------
     0 | D:1      | MatthieuS the Tengu Air Elementalist began the quest for the Orb.
     0 | D:1      | Reached XP level 1. HP: 10/10 MP: 4/4
   393 | D:1      | Reached XP level 2. HP: 15/15 MP: 3/6
   901 | D:1      | Reached XP level 3. HP: 20/20 MP: 4/7
   907 | D:1      | Learned a level 2 spell: Swiftness
   911 | D:1      | Learned a level 3 spell: Static Discharge
  1665 | D:2      | Noticed Robin
  1689 | D:2      | HP: 1/20 [something (6)]
  1692 | D:2      | Slain by Robin

Vault maps used:
D:1:      scummos_arrival_star, minivault_27
D:2:      nicolae_overflow_hidden_temple, gammafunk_temple_overflow_elements,
          first_ration, uniq_robin

Skill      XL: |  1  2 |
---------------+-------+-----
Conjurations   | 2 |  2.6
Fighting       | |  0.7
Dodging        | |  2.4
Stealth        | |  2.0
Spellcasting   | |  2.5
Air Magic      | |  4.6

Action                   || total
-------------------------++-------
Melee: Unarmed           ||     2
       Dagger            ||     2
 Cast: Shock             ||    76
  Use: Potion            ||     1
  Eat: Chunk             ||     3
Armor: Leather armour    ||     2
Dodge: Dodged            ||     4

Table legend:
 A = Spawn XP
 B = Non-spawn XP
 C = Spawn XP percentage of total XP
 D = Spawn monster count
 E = Non-spawn monster count
 F = Spawn count percentage of total count
 G = Total turns spent on level
                    A         B        C        D         E        F      G
               +---------+---------+-------+---------+---------+-------+---------
         Total |       0 |      71 |   0.0 |       0 |      33 |   0.0 |  1692
               +---------+---------+-------+---------+---------+-------+---------
           D:1 |       0 |      37 |   0.0 |       0 |      19 |   0.0 |  1204
           D:2 |       0 |      34 |   0.0 |       0 |      14 |   0.0 |   488
               +---------+---------+-------+---------+---------+-------+---------
